 Dungeon Crawl Stone Soup version 0.24.0-35-gdb84b6a5db (webtiles) character file.

Game seed: 8410644635351672556, levelgen mode: deterministic

9 Mattiprrivan the Magician (level 2, -1/19 HPs)
             Began as a Demonspawn Wanderer on Nov 19, 2019.
             Slain by a jackal (2 damage)
             ... on level 1 of the Dungeon.
             The game lasted 00:04:10 (675 turns).

Mattiprrivan the Magician (Demonspawn Wanderer)      Turns: 675, Time: 00:04:11

Health: -1/19      AC:  2    Str:  9    XL:     2   Next: 6%
Magic:  7/7        EV: 11    Int: 17    God:
Gold:   12         SH:  0    Dex: 11    Spells: 7/9 levels left

rFire    . . .     SeeInvis .   b - -2 spear (curse)
rCold    . . .     Gourm    .   (no shield)
rNeg     . . .     Faith    .   d - +0 robe
rPois    .         Spirit   .   (no helmet)
rElec    .         Reflect  .   (no cloak)
rCorr    .         Harm     .   (no gloves)
MR       .....                  (no boots)
Stlth    ++........             (no amulet)
HPRegen  0.06/turn              (no ring)
MPRegen  0.10/turn              (no ring)

@: no status effects
A: powered by pain 1
a: no special abilities


You were on level 1 of the Dungeon.
You were full.

You visited 1 branch of the dungeon, and saw 1 of its levels.

You collected 12 gold pieces.

Inventory:

Hand Weapons
 a - a +0 dagger
 b - a cursed -2 spear (weapon)
Armour
 d - a +0 robe (worn)


   Skills:
 + Level 1.7 Stealth
 + Level 4.3 Spellcasting
   Level 1.0 Charms
 + Level 2.7 Fire Magic


You had 7 spell levels left.
You knew the following spells:

 Your Spells              Type           Power        Failure   Level  Hunger
a - Freeze                Ice            #...         16%         1    None
b - Flame Tongue          Conj/Fire      #....        9%          1    None

Your spell library contained the following spells:

 Spells                   Type           Power        Failure   Level  Hunger
 Throw Flame              Conj/Fire      #.....       13%         2    ##.....
 Ensorcelled Hibernation  Hex/Ice        #.....       22%         2    ##.....
 Throw Frost              Conj/Ice       #.....       22%         2    ##.....
 Conjure Flame            Conj/Fire      #.......     26%         3    ###....
 Inner Flame              Hex/Fire       #.......     26%         3    ###....
 Ozocubu's Armour         Chrm/Ice       #.......     36%         3    ###....
 Sticky Flame             Conj/Fire      #.......     65%         4    ####...
 Fireball                 Conj/Fire      #.........   94%         5    ######.


Dungeon Overview and Level Annotations

Branches:
Dungeon (1/15)

Altars:


Innate Abilities, Weirdness & Mutations

You sometimes gain a little power by taking damage.


Message History

A frilled lizard comes into view.
The jackal closely misses you.
The frilled lizard moves out of view.
The jackal bites you.
* * * LOW HITPOINT WARNING * * *
The jackal closely misses you. The jackal closely misses you.
The jackal barely misses you. The jackal barely misses you.
Found a stone staircase leading down.
The jackal closely misses you. The jackal misses you.
The jackal closely misses you. The jackal bites you.
* * * LOW HITPOINT WARNING * * *
The jackal barely misses you. The jackal misses you.
The jackal closely misses you.
You closely miss the jackal. The jackal completely misses you.
You barely miss the jackal. The jackal bites you.
You die...

#..#.l##....##..##.#
##..##..#....#..###.#
.....##.........# #..
#....>.........###..
#.#.###l............
#...l...##.########.
###hr......# #.
#h######## ## #@# ##
#...# #. #.#.#.# ...
#.##..... .8. #.. ..#
### ... #.# .#. .8.
#.# # # .. ##


You could see 2 jackals, a frilled lizard and a rat.

Vanquished Creatures
  A dart slug (D:1)
  3 goblins (D:1)
  A jackal (D:1)
  A frilled lizard (D:1)
  A kobold (D:1)
7 creatures vanquished.

Notes
Turn   | Place    | Note
-------+----------+-------------------------------------------
     0 | D:1      | Mattiprrivan the Demonspawn Wanderer began the quest for
                  | the Orb.
     0 | D:1      | Mattiprrivan set off with the following items: a +0 dagger,
                  | a +0 robe, a ration; and the following spells available to
                  | memorise: Flame Tongue, Throw Flame, Freeze, Ensorcelled
                  | Hibernation, Throw Frost, Conjure Flame, Inner Flame,
                  | Ozocubu's Armour, Sticky Flame, Fireball
     0 | D:1      | Reached XP level 1. HP: 13/13 MP: 5/5
     4 | D:1      | Learned a level 1 spell: Freeze
     6 | D:1      | Learned a level 1 spell: Flame Tongue
    11 | D:1      | Noticed a polar bear
    11 | D:1      | Noticed a worker ant
    11 | D:1      | Noticed a hog
    11 | D:1      | Noticed an anaconda
   632 | D:1      | Gained mutation: You sometimes gain a little power by
                  | taking damage. [demonic ancestry]
   632 | D:1      | Reached XP level 2. HP: 18/19 MP: 7/7
   675 | D:1      | Slain by a jackal

Levels and vault maps discovered:
D:1:      onia_arrival_zoo_common, layout_loops_ring, minmay_misc_feat_iff,
          minmay_misc_feat_plants

Action                   || total
-------------------------++-------
Melee: Spear             ||    45
       Dagger            ||     4
 Cast: Freeze            ||     2
       Flame Tongue      ||     1
 Stab: Sleeping          ||     2
  Eat: Ration            ||     1
Armor: Robe              ||    10
Dodge: Dodged            ||    44
